 Dungeon Sprint DCSS version 0.17-a0-1655-g88a8506 (webtiles) character file.

105583 Kidiri the Imperceptible (level 15, 0/60 (63) HPs)
             Began as a Spriggan Enchanter on Aug 15, 2015.
             Was the Champion of Dithmenos.
             Slain by a vampire knight (8 damage)
             ... while paralysed by a vampire knight
             ... in the Dungeon (Sprint III: "The Ten Rune Challenge").
             The game lasted 00:42:02 (8502 turns).

Kidiri the Imperceptible (Spriggan Enchanter)       Turns: 8502, Time: 00:42:02

HP:   0/60 (63)     AC:  6    Str:  8    XL:     15   Next: 15%
MP:   44/49         EV:  4    Int: 23    God:    Dithmenos [******]
Gold: 180           SH:  0    Dex: 20    Spells: 13 memorised, 2 levels left

rFire  + + .     SeeInvis +     r - +10 short sword "Giantbane" {drain, +Fly rPois rN+}
rCold  + + .     Clarity  .     a - +1 robe "Kitoes" {*Corrode rElec rF++ rC+}
rNeg   + . .     SustAt   .     b - +0 buckler {reflect}
rPois  +         Gourm    .     n - +2 hat {Int+3}
rElec  +         Spirit   .     h - +0 cloak
rCorr  .         Warding  .     (gloves unavailable)
rMut   .         NoTele   +     (boots unavailable)
MR     +....                    (no amulet)
Stlth  ++++++++++               B - ring of wizardry
                                s - ring "Xuvol" {rC+ MR- MP+9 Str+4}

@: paralysed, wreathed by umbra, very quick, somewhat resistant to hostile
enchantments, uncannily stealthy
A: unfitting armour, see invisible, herbivore 3, speed 3, slow metabolism 2
a: Shadow Step, Shadow Form, Renounce Religion, Evoke Flight
}: 2/10 runes: decaying, serpentine


You were in the Dungeon.
You worshipped Dithmenos.
Dithmenos was exalted by your worship.
You were not hungry.

You visited 1 branch You collected 2309 gold pieces.
You spent 2129 gold pieces at shops.

Inventory:

Hand weapons
 r - the +10 short sword "Giantbane" (weapon) {drain, +Fly rPois rN+}
   (You found it in the Dungeon)

   A truly terrible weapon, it drains the life of those it strikes.
   It protects you from poison.
   It protects you from negative energy.
   It lets you fly.
Missiles
 f - 12 throwing nets (quivered)
Armour
 a - the +1 robe "Kitoes" (worn) {*Corrode rElec rF++ rC+}
   (You bought it in a shop in the Dungeon)

   It greatly protects you from fire.
   It protects you from cold.
   It insulates you from electricity.
   It may corrode your equipment when you take damage.
 b - a +0 buckler of reflection (worn)
 h - a +0 cloak (worn)
 n - a +2 hat of intelligence (worn)
Jewellery
 s - the ring "Xuvol" (left hand) {rC+ MR- MP+9 Str+4}
   (You bought it in a shop in the Dungeon)

   [ring of magical power]

   It affects your strength (+4).
   It protects you from cold.
   It affects your resistance to hostile enchantments.
   It affects your magic capacity (+9).
 y - an uncursed ring of sustain attributes
 B - a ring of wizardry (right hand)
Magical devices
 o - a wand of magic darts (28)
 x - a wand of teleportation (1)
 z - a wand of disintegration (9)
Scrolls
 j - a scroll of blinking
 t - 3 scrolls of remove curse
 D - 2 scrolls of enchant weapon {unknown}
Potions
 e - a potion of curing
 g - 3 potions of haste
 i - a potion of berserk rage
 k - 2 potions of brilliance {unknown}
 l - 2 potions of might
 m - 3 potions of degeneration {unknown}
 p - 2 potions of cure mutation
 q - 2 potions of flight {unknown}
 v - 2 potions of lignification {unknown}
 A - a potion of heal wounds
 E - a potion of beneficial mutation {unknown}
Books
 w - a book of Burglary

   Spells                             Type                      Level
   a - Swiftness                      Charms/Air                   2
   b - Passwall                       Transmutation/Earth          3
   c - Passage of Golubria            Translocation                4
   d - Lee's Rapid Deconstruction     Earth                        5
   e - Darkness                       Hexes                        6
   f - Invisibility                   Hexes                        6
Comestibles
 c - 23 royal jellies
 d - a bread ration
 u - 14 fruits


   Skills:
 + Level 14.1 Short Blades
 * Level 23.6 Dodging
 * Level 25.4 Stealth
 * Level 5.0 Shields
 * Level 20.5 Spellcasting
 + Level 10.2 Conjurations
 + Level 15.7 Hexes
 + Level 7.9 Necromancy
 + Level 7.0 Translocations
 + Level 6.3 Transmutations
 + Level 11.3 Ice Magic
 + Level 9.9 Air Magic
 + Level 4.2 Earth Magic
 - Level 6.4 Invocations
 + Level 8.6 Evocations


You had 2 spell levels left.
You knew the following spells:

 Your Spells              Type           Power        Failure   Level  Hunger
a - Corona                Hex            #######      0%          1    None
b - Ensorcelled Hibernat  Hex/Ice        ######       0%          2    None
c - Confuse               Hex            #######.     0%          3    None
d - Tukima's Dance        Hex            #######.     0%          3    None
e - Dazzling Spray        Conj/Hex       ######..     1%          3    None
f - Metabolic Englaciati  Hex/Ice        ######....   1%          5    None
g - Bolt of Cold          Conj/Ice       ######....   2%          6    ###....
h - Ozocubu's Refrigerat  Ice            ######....   1%          6    ###....
i - Freezing Cloud        Conj/Ice/Air   ######....   2%          6    ###....
j - Simulacrum            Ice/Necr       ######....   4%          6    ###....
k - Passwall              Trmt/Erth      #####.....   1%          3    None
l - Passage of Golubria   Tloc           N/A          1%          4    None
m - Lee's Rapid Deconstr  Erth           #####.....   6%          5    None


Dungeon Overview and Level Annotations

Branches:
Dungeon (1/1)

Altars:
Cheibriados
Dithmenos
Elyvilon
Fedhas
Gozag
Kikubaaqudgha
Makhleb
Nemelex Xobeh
Okawaru
Qazlal
Ru
Sif Muna
Trog
Vehumet
Xom
Yredelemnul
Zin
The Shining One
Jiyva
Lugonu

Shops:
D ?:(}[%([=%}!(*?:[![

Annotations:
D exclusion: 4 statues


Innate Abilities, Weirdness & Mutations

You are tiny and cannot use many weapons and most armour.
You have supernaturally acute eyesight.
You are a herbivore.
You cover ground extremely quickly.
You need consume almost no food.


Message History

The vampire knight is lightly damaged.
The vampire knight casts a spell.
The vampire knight seems to speed up.
Your battleaxe hits the vampire knight!
You hear a distant "Zot"!
You barely miss the vampire knight.
The vampire knight is moderately damaged.
Your shadow barely misses the vampire knight.
The vampire knight points at you and mumbles some strange words.
You suddenly lose the ability to move!
The vampire knight hits you. The vampire knight bites you!
* * * LOW HITPOINT WARNING * * *
Your battleaxe hits the vampire knight!!
The vampire knight mumbles some strange words.
The vampire knight flickers and vanishes for a moment.
Your battleaxe hits the vampire knight!!
The vampire knight barely misses you. The vampire knight bites you!
* * * LOW HITPOINT WARNING * * *
You emit a cloud of dark smoke.
The vampire knight hits you!
You die...

#+#.§..§#.∩∩∩∩)#)....#.#..#......
#§§§...§#......#.#.#.+.#..#......
#§§.§...###++###..#..#.#[.#...^^.
§§.§§§..#§§..⌠.#)....###########'
#######.#.§....#################.
#.#.#.#...§....#.#)#)#)#)#?#.#)#.
...............#+#+#+#+#+#+#+#+#'
...............#§§§....^.^...^^..
#+##############@(§^...^.).^.^...
...#*,*≈≈≈≈≈≈**#V#+#+#+#+#+#+#+#+
....#*+*,≈≈,≈*,#.#.#.#.#[#%#)#.#.
8.8..#**,,,,≈*,▓+▓▓▓▓▓▓▓▓▓▓▓▓▓▓▓▓
.....'.,,,,,,,,*,,*,,,,,,,,,,,,,,
8.8..###**,,≈*,*,,*,,,,,,,,,,,,,,
,...##,,,**,≈*,*,,*,,**********,,
,,,***,*,,**+***,,*,,*,,,,,,,,*,,
*'****,**,**,,,*,,*,,*,,,,,,,,*,,


You could see a vampire knight (invisible) and a friendly battleaxe.

Vanquished Creatures
  Norris (D)
  3 bone dragons (D)
  Rupert (D)
  A lich (D)
  Gastronok (D)
  Harold (D)
  Chuck (D)
  4 azure jellies (D)
  A greater naga (D)
  Maud (D)
  A vampire knight (D)
  2 dire elephants (D)
  Azrael (D)
  A fire dragon (D)
  A mummy priest (D)
  Erolcha (D)
  3 yaktaur captains (D)
  A naga warrior (D)
  3 anacondas (D)
  An anaconda (shapeshifter) (D)
  6 ice dragons (D)
  A centaur warrior (D)
  4 dancing weapons (D)
  4 death yaks (D)
  3 hydras (D)
  A deep elf knight (D)
  A death drake (D)
  4 skeletal warriors (D)
  A spriggan druid (D)
  A deep elf summoner (D)
  A deep troll (shapeshifter) (D)
  Joseph (D)
  5 ugly things (D)
  A deep elf conjurer (D)
  4 crystal guardians (D)
  A lindwurm (D)
  5 black mambas (D)
  2 elephants (D)
  A guardian serpent (D)
  An orange crystal statue (D)
  A molten gargoyle (D)
  2 yaktaurs (D)
  A komodo dragon (D)
  2 spiny frogs (D)
  A fire drake (D)
  2 guardian mummies (D)
  3 wandering mushrooms (D)
  3 spriggan defenders (D)
  8 blink frogs (D)
  A queen bee (D)
  2 deep elf priests (D)
  4 orc high priests (D)
  3 slime creatures (D)
  2 spriggans (D)
  2 trapdoor spiders (D)
  A shadow (D)
  4 redbacks (D)
  A spatial vortex (D)
  2 hill giants (D)
  2 nagas (D)
  2 water moccasins (D)
  2 orc warriors (D)
  A black mamba simulacrum (D)
  A hydra simulacrum (D)
  A swamp drake (D)
  3 fire dragon simulacra (D)
  A necrophage (D)
  3 two-headed ogres (D)
  A water elemental (D)
  2 brain worms (D)
  A scorpion (D)
  32 killer bees (D)
  An electric eel (D)
  2 orc wizards (D)
  A jelly (D)
  6 orc priests (D)
  3 necromancers (D)
  Jessica (D)
  A wizard (D)
  3 humans (D)
  A kobold demonologist (D)
  5 adders (D)
  2 oozes (D)
  An adder zombie (D)
  2 swamp drake simulacra (D)
  8 orcs (D)
  2 bat zombies (D)
  A jackal zombie (D)
  A rat (D)
  A bush (D)
  2 plants (D)
219 creatures vanquished.

Vanquished Creatures (others)
  3 deep elf blademasters (D)
  2 draconian scorchers (D)
  Nessos (D)
  A shadow wraith (D)
  3 ball lightnings (D)
  A giant orange brain (D)
  3 yaktaurs (D)
  A spriggan defender (D)
  2 wasps (D)
  10 ballistomycetes (D)
  2 bushes (D)
  5 giant spores (D)
  34 plants (D)
68 creatures vanquished.

Grand Total: 287 creatures vanquished

Notes
Turn   | Place    | Note
--------------------------------------------------------------
     0 | D        | Kidiri the Spriggan Enchanter began the quest for the Orb.
     0 | D        | Reached XP level 1. HP: 9/9 MP: 5/5
     9 | D        | Reached skill level 5 in Stealth
    11 | D        | Reached XP level 2. HP: 13/13 MP: 5/7
    15 | D        | Learned a level 2 spell: Ensorcelled Hibernation
    62 | D        | Noticed Jessica
    66 | D        | Killed Jessica
    66 | D        | Reached skill level 5 in Dodging
    66 | D        | Reached skill level 6 in Stealth
    66 | D        | Reached skill level 1 in Ice Magic
    66 | D        | Reached XP level 3. HP: 16/16 MP: 7/9
    73 | D        | Learned a level 3 spell: Confuse
    77 | D        | Learned a level 3 spell: Tukima's Dance
    88 | D        | Noticed a scorpion
    91 | D        | Killed a scorpion
    91 | D        | Reached skill level 7 in Stealth
    91 | D        | Reached skill level 5 in Spellcasting
    91 | D        | Reached XP level 4. HP: 21/21 MP: 10/12
    96 | D        | Learned a level 3 spell: Dazzling Spray
    97 | D        | Reached skill level 8 in Stealth
    97 | D        | Reached skill level 5 in Hexes
   121 | D        | Gained mutation: Your body sometimes deteriorates upon taking damage. [potion of mutation]
   121 | D        | Gained mutation: You can breathe flames. [potion of mutation]
   121 | D        | Gained mutation: You are covered in fur (AC +1). [potion of mutation]
   122 | D        | Gained mutation: You occasionally shout uncontrollably at your foes. [potion of mutation]
   122 | D        | Gained mutation: Your body often deteriorates upon taking damage. [potion of mutation]
   122 | D        | Gained mutation: Your mind is acute. (Int +2) [potion of mutation]
   123 | D        | Lost mutation: You are covered in fur (AC +1). [potion of cure mutation]
   123 | D        | Lost mutation: You occasionally shout uncontrollably at your foes. [potion of cure mutation]
   123 | D        | Lost mutation: Your body often deteriorates upon taking damage. [potion of cure mutation]
   123 | D        | Lost mutation: You can breathe flames. [potion of cure mutation]
   123 | D        | Lost mutation: Your body sometimes deteriorates upon taking damage. [potion of cure mutation]
   123 | D        | Lost mutation: Your mind is acute. (Int +2) [potion of cure mutation]
   123 | D        | Killed a yaktaur
   134 | D        | Noticed a water elemental
   137 | D        | Killed a water elemental
   137 | D        | Reached skill level 1 in Conjurations
   137 | D        | Reached XP level 5. HP: 24/24 MP: 13/15
   155 | D        | Noticed a jelly
   156 | D        | Noticed a shadow
   158 | D        | Killed a shadow
   158 | D        | Reached skill level 9 in Dodging
   158 | D        | Reached skill level 10 in Stealth
   158 | D        | Reached XP level 6. HP: 28/28 MP: 15/17
   162 | D        | Killed a jelly
   167 | D        | Found a stormy altar of Qazlal.
   168 | D        | Found a sacrificial altar of Ru.
   168 | D        | Found a burning altar of Makhleb.
   168 | D        | Found a viscous altar of Jiyva.
   168 | D        | Found a shimmering altar of Xom.
   168 | D        | Found a shadowy altar of Dithmenos.
   168 | D        | Found a sparkling altar of Nemelex Xobeh.
   168 | D        | Found a corrupted altar of Lugonu.
   168 | D        | Found an opulent altar of Gozag.
   168 | D        | Noticed a spatial vortex
   171 | D        | Killed a spatial vortex
   171 | D        | Reached skill level 5 in Short Blades
   171 | D        | Reached skill level 10 in Dodging
   171 | D        | Reached skill level 11 in Stealth
   173 | D        | Became a worshipper of Dithmenos the Shadowed
   198 | D        | Found a radiant altar of Vehumet.
   199 | D        | Found a deep blue altar of Sif Muna.
   199 | D        | Found an ancient bone altar of Kikubaaqudgha.
   199 | D        | Noticed a wizard
   200 | D        | Killed a wizard
   202 | D        | Reached XP level 7. HP: 32/32 MP: 20/20
   214 | D        | Learned a level 5 spell: Metabolic Englaciation
   221 | D        | Learned a level 6 spell: Bolt of Cold
   231 | D        | Found a glowing silver altar of Zin.
   232 | D        | Found a glowing golden altar of the Shining One.
   232 | D        | Found a white marble altar of Elyvilon.
   232 | D        | Noticed a deep elf priest
   234 | D        | Killed a deep elf priest
   234 | D        | Reached skill level 1 in Invocations
   245 | D        | Found an iron altar of Okawaru.
   246 | D        | Found a bloodstained altar of Trog.
   246 | D        | Noticed a human
   246 | D        | Noticed a human
   270 | D        | Killed a white draconian scorcher
   279 | D        | Killed a human
   279 | D        | Reached skill level 12 in Stealth
   337 | D        | Killed a white draconian scorcher
   478 | D        | Killed a human
   504 | D        | Found a snail-covered altar of Cheibriados.
   504 | D        | Noticed a necrophage
   505 | D        | Found a basalt altar of Yredelemnul.
   505 | D        | Found a blossoming altar of Fedhas.
   505 | D        | Noticed a necromancer
   506 | D        | Killed a necrophage
   506 | D        | Acquired Dithmenos's first power
   506 | D        | Reached XP level 8. HP: 36/36 MP: 22/22
   507 | D        | Killed a necromancer
   528 | D        | Noticed a two-headed ogre
   528 | D        | Noticed a two-headed ogre
   532 | D        | Killed a two-headed ogre
   532 | D        | Reached skill level 10 in Spellcasting
   534 | D        | Killed a two-headed ogre
   537 | D        | Noticed a two-headed ogre
   538 | D        | Killed a two-headed ogre
   538 | D        | Acquired Dithmenos's second power
   538 | D        | Reached skill level 13 in Stealth
   544 | D        | Noticed a hill giant
   547 | D        | Killed a hill giant
   552 | D        | Noticed a hill giant
   552 | D        | Noticed Erolcha
   554 | D        | Killed Erolcha
   554 | D        | Reached skill level 14 in Stealth
   554 | D        | Reached skill level 5 in Ice Magic
   554 | D        | Reached XP level 9. HP: 39/39 MP: 23/25
   555 | D        | Killed a hill giant
   568 | D        | Learned a level 6 spell: Ozocubu's Refrigeration
   637 | D        | Noticed a redback
   641 | D        | Killed a redback
   651 | D        | Noticed a trapdoor spider
   653 | D        | Killed a trapdoor spider
   653 | D        | Acquired Dithmenos's third power
   671 | D        | Noticed a trapdoor spider
   673 | D        | Killed a trapdoor spider
   740 | D        | Noticed a wandering mushroom
   744 | D        | Noticed a wandering mushroom
   746 | D        | Noticed a wandering mushroom
   747 | D        | Killed a wandering mushroom
   752 | D        | Killed a wandering mushroom
   752 | D        | Reached skill level 15 in Stealth
   752 | D        | Reached skill level 5 in Invocations
   755 | D        | Killed a wandering mushroom
   762 | D        | Noticed a spiny frog
   762 | D        | Noticed a komodo dragon
   762 | D        | Noticed a spiny frog
   767 | D        | Killed a spiny frog
   769 | D        | Killed a spiny frog
   769 | D        | Reached XP level 10. HP: 44/44 MP: 22/27
   772 | D        | Killed a komodo dragon
   813 | D        | Noticed a redback
   815 | D        | Killed a redback
   815 | D        | Reached skill level 5 in Conjurations
   816 | D        | Noticed a brain worm
   819 | D        | Killed a brain worm
   819 | D        | Acquired Dithmenos's fourth power
   822 | D        | Noticed a brain worm
   824 | D        | Killed a brain worm
   827 | D        | Noticed a lindwurm
   829 | D        | Noticed a redback
   830 | D        | Killed a lindwurm
   830 | D        | Reached skill level 16 in Stealth
   832 | D        | Killed a redback
   832 | D        | Reached skill level 15 in Dodging
   832 | D        | Reached skill level 10 in Hexes
   836 | D        | Noticed a redback
   837 | D        | Killed a redback
   838 | D        | Noticed Maud
   841 | D        | Killed Maud
   852 | D        | Learned a level 6 spell: Freezing Cloud
   893 | D        | Noticed an electric eel
   894 | D        | Noticed a seven-headed hydra
   894 | D        | Noticed an eight-headed hydra
   897 | D        | Killed an electric eel
   899 | D        | Killed a seven-headed hydra
   899 | D        | Reached skill level 17 in Stealth
   899 | D        | Reached skill level 1 in Air Magic
   900 | D        | Killed an eight-headed hydra
   900 | D        | Reached XP level 11. HP: 40/47 MP: 19/29
   946 | D        | Noticed a death drake
   949 | D        | Killed a death drake
   956 | D        | Found a blossoming altar of Fedhas.
   956 | D        | Noticed a spriggan
   956 | D        | Noticed a spriggan druid
   956 | D        | Noticed a spriggan
   958 | D        | Killed a spriggan druid
   959 | D        | Killed a spriggan
   960 | D        | Killed a spriggan
   989 | D        | Noticed a black mamba
   992 | D        | Killed a black mamba
  1020 | D        | Noticed an anaconda
  1020 | D        | Noticed a water moccasin
  1023 | D        | Noticed a black mamba
  1023 | D        | Noticed an anaconda
  1027 | D        | Killed an anaconda
  1027 | D        | Reached skill level 18 in Stealth
  1043 | D        | Killed a water moccasin
  1050 | D        | Killed an anaconda
  1052 | D        | Killed a black mamba
  1052 | D        | Reached skill level 10 in Short Blades
  1161 | D        | Noticed an anaconda
  1161 | D        | Noticed a water moccasin
  1161 | D        | Noticed a black mamba
  1162 | D        | Killed an anaconda
  1164 | D        | Killed a water moccasin
  1168 | D        | Killed a black mamba
  1181 | D        | Noticed a naga
  1181 | D        | Noticed a naga
  1182 | D        | Noticed a naga warrior
  1182 | D        | Noticed a greater naga
  1182 | D        | Found Dydweg's Gadget Shop.
  1182 | D        | Found Vycuumyr's Antique Armour Shoppe.
  1183 | D        | Killed a naga
  1184 | D        | Killed a naga
  1185 | D        | Found Jyhubeo's Food Boutique.
  1186 | D        | Killed a naga warrior
  1186 | D        | Reached skill level 15 in Spellcasting
  1187 | D        | Killed a greater naga
  1187 | D        | Reached skill level 19 in Stealth
  1202 | D        | Noticed a guardian serpent
  1204 | D        | Killed a guardian serpent
  1207 | D        | Got a serpentine rune of Zot
  1290 | D        | Noticed a swamp drake
  1290 | D        | Noticed a fire drake
  1291 | D        | Killed a fire drake
  1293 | D        | Killed a swamp drake
  1300 | D        | Noticed a blink frog
  1300 | D        | Noticed a blink frog
  1300 | D        | Noticed a blink frog
  1301 | D        | Noticed a blink frog
  1301 | D        | Noticed a blink frog
  1306 | D        | Killed a blink frog
  1306 | D        | Reached XP level 12. HP: 19/51 MP: 20/32
  1307 | D        | Killed a blink frog
  1310 | D        | Killed a blink frog
  1312 | D        | Killed a blink frog
  1324 | D        | HP: 1/51 [blink frog (8)]
  1327 | D        | Killed a blink frog
  1327 | D        | Reached skill level 5 in Air Magic
  1629 | D        | Noticed Rupert
  1631 | D        | Killed Rupert
  1631 | D        | Reached skill level 20 in Stealth
  1655 | D        | Noticed a death yak
  1656 | D        | Noticed a death yak
  1656 | D        | Noticed a blink frog
  1657 | D        | Noticed a death yak
  1749 | D        | Noticed a black mamba
  1755 | D        | Killed a blink frog
  1757 | D        | Killed a black mamba
  1763 | D        | Noticed a blink frog
  1765 | D        | Killed a death yak
  1908 | D        | Noticed a death yak
  1917 | D        | Noticed a black mamba
  1919 | D        | Killed a death yak
  1921 | D        | Killed a black mamba
  1928 | D        | Killed a death yak
  2106 | D        | Noticed a blink frog
  2112 | D        | Killed a blink frog
  2127 | D        | Killed a death yak
  2138 | D        | Killed a blink frog
  2270 | D        | Learned a level 6 spell: Simulacrum
  2272 | D        | Noticed an azure jelly
  2272 | D        | Noticed an azure jelly
  2282 | D        | Noticed an ice dragon
  2282 | D        | Noticed an ice dragon
  2323 | D        | Noticed an azure jelly
  2323 | D        | Noticed an azure jelly
  2324 | D        | Noticed an elephant
  2324 | D        | Noticed an elephant
  2324 | D        | Noticed a dire elephant
  2324 | D        | Noticed a dire elephant
  2324 | D        | Noticed Gastronok
  2326 | D        | Killed Gastronok
  2326 | D        | Reached skill level 1 in Necromancy
  2327 | D        | Killed a dire elephant
  2327 | D        | Reached skill level 21 in Stealth
  2341 | D        | Killed a dire elephant
  2345 | D        | Killed an elephant
  2362 | D        | Killed an elephant
  2370 | D        | Gained mutation: You tend to lose your temper in combat. [potion of mutation]
  2370 | D        | Gained mutation: You have sharp toenails. [potion of mutation]
  2370 | D        | Gained mutation: Potions and wands are less effective at restoring your health. [potion of mutation]
  2371 | D        | Lost mutation: You tend to lose your temper in combat. [potion of cure mutation]
  2371 | D        | Lost mutation: Potions and wands are less effective at restoring your health. [potion of cure mutation]
  2371 | D        | Lost mutation: You have sharp toenails. [potion of cure mutation]
  2523 | D        | Noticed an ice dragon
  2539 | D        | Killed an ice dragon
  2693 | D        | Found Jexzuqel's Magic Scroll Shoppe.
  2693 | D        | Found Viruykuo's Book Boutique.
  2965 | D        | Noticed an ice dragon
  2974 | D        | Killed an ice dragon
  2974 | D        | Reached XP level 13. HP: 55/55 MP: 26/35
  2994 | D        | Killed a yaktaur
  3012 | D        | Killed an ice dragon
  3019 | D        | Killed an ice dragon
  3129 | D        | Noticed an ice dragon
  3262 | D        | Killed an ice dragon
  3263 | D        | Found Hiefit's Antique Weapon Emporium.
  3367 | D        | Noticed a killer bee
  3367 | D        | Noticed a killer bee
  3367 | D        | Noticed a killer bee
  3367 | D        | Noticed a killer bee
  3367 | D        | Noticed a killer bee
  3367 | D        | Noticed a killer bee
  3367 | D        | Noticed a killer bee
  3367 | D        | Noticed a killer bee
  3367 | D        | Noticed a killer bee
  3367 | D        | Noticed a killer bee
  3367 | D        | Noticed a killer bee
  3367 | D        | Noticed a killer bee
  3367 | D        | Noticed a killer bee
  3367 | D        | Noticed a queen bee
  3367 | D        | Noticed a killer bee
  3368 | D        | Noticed a killer bee
  3368 | D        | Noticed a killer bee
  3368 | D        | Noticed a killer bee
  3368 | D        | Noticed a killer bee
  3368 | D        | Noticed a killer bee
  3368 | D        | Noticed a killer bee
  3368 | D        | Noticed a killer bee
  3368 | D        | Noticed a killer bee
  3368 | D        | Noticed a killer bee
  3368 | D        | Noticed a killer bee
  3368 | D        | Noticed a killer bee
  3368 | D        | Noticed a killer bee
  3368 | D        | Noticed a killer bee
  3368 | D        | Noticed a killer bee
  3368 | D        | Noticed a killer bee
  3368 | D        | Noticed a killer bee
  3368 | D        | Noticed a killer bee
  3368 | D        | Noticed a killer bee
  3369 | D        | Killed a killer bee
  3370 | D        | Killed a killer bee
  3373 | D        | Killed a killer bee
  3375 | D        | Killed a killer bee
  3377 | D        | Killed a killer bee
  3379 | D        | Killed a killer bee
  3381 | D        | Killed a killer bee
  3385 | D        | Killed a killer bee
  3387 | D        | Killed a killer bee
  3391 | D        | Killed a killer bee
  3393 | D        | Killed a killer bee
  3397 | D        | Killed a killer bee
  3399 | D        | Killed a killer bee
  3401 | D        | Killed a killer bee
  3403 | D        | Killed a killer bee
  3405 | D        | Killed a killer bee
  3407 | D        | Killed a killer bee
  3561 | D        | Killed a killer bee
  3564 | D        | Killed a killer bee
  3568 | D        | Killed a killer bee
  3572 | D        | Killed a killer bee
  3574 | D        | Killed a killer bee
  3576 | D        | Killed a killer bee
  3579 | D        | Killed a killer bee
  3581 | D        | Killed a killer bee
  3584 | D        | Killed a killer bee
  3587 | D        | Killed a killer bee
  3589 | D        | Killed a killer bee
  3602 | D        | Killed a killer bee
  3623 | D        | Killed a queen bee
  3639 | D        | Killed a killer bee
  3704 | D        | Noticed Harold
  3704 | D        | Noticed Joseph
  3796 | D        | Killed Harold
  3796 | D        | Reached skill level 22 in Stealth
  3798 | D        | Killed Joseph
  3900 | D        | Noticed an orc priest
  3900 | D        | Noticed an orc priest
  3901 | D        | Noticed an orc priest
  3901 | D        | Noticed an orc high priest
  3902 | D        | Killed an orc priest
  3903 | D        | Killed an orc priest
  3905 | D        | Killed an orc priest
  3906 | D        | Killed an orc high priest
  3932 | D        | Noticed a spriggan defender
  3933 | D        | Noticed a spriggan defender
  3933 | D        | Noticed a spriggan defender
  3933 | D        | Noticed a spriggan defender
  3934 | D        | Killed a spriggan defender
  3946 | D        | Killed a spriggan defender
  3955 | D        | Killed a spriggan defender
  4175 | D        | Noticed a brown ugly thing
  4177 | D        | Noticed a slime creature
  4178 | D        | Killed a brown ugly thing
  4180 | D        | Killed a slime creature
  4212 | D        | Noticed a red ugly thing
  4214 | D        | Killed a red ugly thing
  4222 | D        | Noticed a centaur warrior
  4226 | D        | Killed a centaur warrior
  4235 | D        | Noticed a fire dragon
  4237 | D        | Killed a fire dragon
  4252 | D        | Noticed an antimagic halberd
  4252 | D        | Noticed a halberd of freezing
  4253 | D        | Noticed a long sword of slicing
  4254 | D        | Noticed a hand axe of electrocution
  4264 | D        | Killed a long sword of slicing
  4265 | D        | Killed a hand axe of electrocution
  4369 | D        | Killed an antimagic halberd
  4371 | D        | Killed a halberd of freezing
  4377 | D        | Got a crystal short sword
  4378 | D        | Identified the +10 short sword "Giantbane" {drain, +Fly rPois rN+} (You found it in the Dungeon)
  4439 | D        | Noticed an orange crystal statue
  4452 | D        | Killed an orange crystal statue
  4662 | D        | Found Qityos's Antique Weapon Emporium.
  4662 | D        | Found Zuph's Magic Scroll Shop.
  4662 | D        | Found Giwor's Gadget Boutique.
  4662 | D        | Found Yklis's Antique Armour Shoppe.
  4662 | D        | Found Emanoj's Distillery.
  4662 | D        | Found Foqyvvog's Assorted Antiques.
  4662 | D        | Found Uhaytwyph's Food Shoppe.
  4662 | D        | Found Estrobom's Distillery.
  4662 | D        | Found Quohum's Jewellery Shop.
  4662 | D        | Found Reeggod's Armour Emporium.
  4662 | D        | Found Plog's Armour Emporium.
  4662 | D        | Found Idu Poli's Book Boutique.
  4684 | D        | Bought a scroll of enchant armour for 82 gold pieces
  4684 | D        | Bought a scroll of magic mapping for 38 gold pieces
  4793 | D        | Found Iveluam's Antique Weapon Boutique.
  4794 | D        | Noticed an orc warrior
  4794 | D        | Noticed an orc priest
  4795 | D        | Noticed an orc high priest
  4795 | D        | Noticed an orc priest
  4795 | D        | Noticed an orc high priest
  4795 | D        | Noticed an orc high priest
  4795 | D        | Noticed an orc warrior
  4795 | D        | Noticed an orc wizard
  4799 | D        | Killed an orc priest
  4807 | D        | Noticed an orc priest
  4810 | D        | Killed an orc warrior
  4810 | D        | Reached skill level 10 in Ice Magic
  4811 | D        | Killed an orc high priest
  4811 | D        | Reached skill level 5 in Necromancy
  4811 | D        | Reached skill level 1 in Evocations
  4812 | D        | Killed an orc high priest
  4813 | D        | Killed a ball lightning
  4813 | D        | Killed a wasp
  4813 | D        | Killed a ball lightning
  4813 | D        | Killed a ball lightning
  4813 | D        | Killed a shadow wraith
  4814 | D        | Killed an orc wizard
  4819 | D        | Killed an orc priest
  4823 | D        | Killed an orc warrior
  4823 | D        | Killed an orc priest
  4828 | D        | Noticed an orc wizard
  4835 | D        | Killed an orc high priest
  4838 | D        | Killed an orc wizard
  4977 | D        | Killed a wasp
  5009 | D        | Noticed a deep elf conjurer
  5009 | D        | Noticed a deep elf knight
  5009 | D        | Noticed a deep elf summoner
  5009 | D        | Noticed a deep elf priest
  5009 | D        | Noticed a deep elf summoner
  5016 | D        | Noticed a deep elf demonologist
  5025 | D        | Killed a deep elf knight
  5025 | D        | Reached skill level 23 in Stealth
  5025 | D        | Killed a deep elf priest
  5026 | D        | Killed a deep elf summoner
  5031 | D        | Killed a deep elf conjurer
  5108 | D        | Noticed a cacodemon
  5300 | D        | Killed Nessos
  5318 | D        | Killed a deep elf blademaster
  5324 | D        | Bought the +1 robe "Kitoes" {*Corrode rElec rF++ rC+} for 463 gold pieces
  5329 | D        | Noticed a molten gargoyle
  5340 | D        | Noticed a mummy priest
  5345 | D        | Killed a molten gargoyle
  5360 | D        | Killed a mummy priest
  5360 | D        | Noticed a reaper
  5373 | D        | Killed a reaper
  5465 | D        | Noticed a crystal guardian
  5465 | D        | Noticed a crystal guardian
  5465 | D        | Noticed a crystal guardian
  5466 | D        | Noticed a crystal guardian
  5467 | D        | Killed a crystal guardian
  5468 | D        | Noticed a fire elementalist statue
  5468 | D        | Noticed an earth elementalist statue
  5469 | D        | Killed a crystal guardian
  5470 | D        | Killed a crystal guardian
  5471 | D        | Noticed a water elementalist statue
  5471 | D        | Noticed an air elementalist statue
  5473 | D        | Killed a crystal guardian
  5488 | D        | Killed a deep elf blademaster
  5538 | D        | Bought the ring "Xuvol" {rC+ MR- MP+9 Str+4} for 496 gold pieces
  5586 | D        | Killed a yaktaur
  5610 | D        | Killed a killer bee
  5610 | D        | Reached XP level 14. HP: 59/59 MP: 37/37
  5611 | D        | Killed a killer bee
  5750 | D        | Killed a spriggan defender
  5809 | D        | Killed a deep elf blademaster
  5850 | D        | Noticed a five-headed hydra
  5850 | D        | Noticed a four-headed hydra simulacrum
  5850 | D        | Noticed an ice dragon
  5852 | D        | Killed an ice dragon
  5854 | D        | Killed a five-headed hydra
  5857 | D        | Killed a four-headed hydra simulacrum
  5866 | D        | Got a decaying rune of Zot
  5885 | D        | Bought a book of Burglary for 1050 gold pieces
  5986 | D        | Killed an azure jelly
  6010 | D        | Killed an azure jelly
  6016 | D        | Killed an azure jelly
  6016 | D        | Reached skill level 5 in Evocations
  6036 | D        | Killed an azure jelly
  6036 | D        | Reached skill level 24 in Stealth
  6282 | D        | Learned a level 3 spell: Passwall
  6287 | D        | Learned a level 4 spell: Passage of Golubria
  6319 | D        | Noticed a yaktaur
  6319 | D        | Noticed a yaktaur captain
  6321 | D        | Killed a yaktaur
  6324 | D        | Noticed a yaktaur
  6324 | D        | Noticed a yaktaur captain
  6325 | D        | Killed a yaktaur captain
  6325 | D        | Reached skill level 1 in Translocations
  6329 | D        | Killed a yaktaur
  6329 | D        | Reached skill level 1 in Transmutations
  6333 | D        | Killed a yaktaur captain
  6333 | D        | Reached skill level 15 in Hexes
  6333 | D        | Reached skill level 1 in Earth Magic
  6361 | D        | Noticed Azrael
  6363 | D        | Killed Azrael
  6657 | D        | Noticed a black mamba simulacrum
  6657 | D        | Noticed a fire dragon simulacrum
  6657 | D        | Noticed a fire dragon simulacrum
  6657 | D        | Killed a black mamba simulacrum
  6658 | D        | Killed a fire dragon simulacrum
  6659 | D        | Killed a fire dragon simulacrum
  6732 | D        | Noticed a fire dragon simulacrum
  6738 | D        | Killed a giant orange brain
  6744 | D        | Killed a fire dragon simulacrum
  6821 | D        | Noticed a yaktaur captain
  6821 | D        | Noticed a brown ugly thing
  6821 | D        | Noticed a slime creature
  6822 | D        | Noticed a white ugly thing
  6822 | D        | Noticed a snapping turtle
  6823 | D        | Killed a brown ugly thing
  6824 | D        | Noticed an anaconda
  6825 | D        | Killed a slime creature
  6827 | D        | Killed an anaconda
  6828 | D        | a snapping turtle changed into a glowing shapeshifter
  6831 | D        | Reached skill level 1 in Shields
  6835 | D        | Killed a white ugly thing
  7139 | D        | Noticed Chuck
  7139 | D        | Noticed a white ugly thing
  7145 | D        | Killed a yaktaur captain
  7147 | D        | Killed a white ugly thing
  7157 | D        | Killed Chuck
  7168 | D        | Got a polished short sword
  7178 | D        | Identified the +6 short sword "Killer Klown's Curse" {drain, rElec rF+} (You found it in the Dungeon)
  7364 | D        | Noticed Norris
  7465 | D        | Killed Norris
  7586 | D        | Noticed a slime creature
  7590 | D        | Killed a slime creature
  7594 | D        | Noticed a lich
  7596 | D        | Killed a lich
  7596 | D        | Reached skill level 5 in Translocations
  7669 | D        | Noticed a guardian mummy
  7671 | D        | Killed a guardian mummy
  7676 | D        | Noticed a necromancer
  7678 | D        | Killed a necromancer
  7692 | D        | Noticed a necromancer
  7694 | D        | Killed a necromancer
  7701 | D        | Noticed a bone dragon
  7712 | D        | HP: 2/58 [bone dragon (17)]
  7815 | D        | Killed a bone dragon
  7815 | D        | Reached skill level 25 in Stealth
  7815 | D        | Reached skill level 10 in Conjurations
  7815 | D        | Reached skill level 5 in Transmutations
  7997 | D        | Learned a level 5 spell: Lee's Rapid Deconstruction
  8014 | D        | Noticed a bone dragon
  8016 | D        | Killed a bone dragon
  8031 | D        | Noticed a vampire knight
  8038 | D        | Killed a vampire knight
  8038 | D        | Reached XP level 15. HP: 39/63 MP: 40/40
  8227 | D        | Noticed a skeletal warrior
  8229 | D        | Killed a skeletal warrior
  8394 | D        | Noticed a guardian mummy
  8396 | D        | Killed a guardian mummy
  8439 | D        | Noticed a skeletal warrior
  8441 | D        | Killed a skeletal warrior
  8448 | D        | Noticed a skeletal warrior
  8450 | D        | Killed a skeletal warrior
  8468 | D        | Noticed a skeletal warrior
  8470 | D        | Killed a skeletal warrior
  8476 | D        | Noticed a bone dragon
  8478 | D        | Killed a bone dragon
  8478 | D        | Reached skill level 5 in Shields
  8496 | D        | Noticed a vampire knight
  8499 | D        | Paralysed by a vampire knight for 3 turns
  8502 | D        | Slain by a vampire knight

Vault maps used:
D:        dungeon_sprint_mu

Action                   |  1- 3 |  4- 6 |  7- 9 | 10-12 | 13-15 || total
-------------------------+-------+-------+-------+-------+-------++-------
Melee: Dagger            |     7 |     7 |    29 |    81 |   183 ||   307
       Short sword       |       |       |       |       |   136 ||   136
Throw: Throwing net      |       |       |       |       |     2 ||     2
 Cast: Ensorcelled Hiber |       |     1 |    12 |    41 |    53 ||   107
       Dazzling Spray    |       |       |     2 |    36 |    43 ||    81
       Confuse           |       |       |     1 |    10 |    23 ||    34
       Bolt of Cold      |       |       |       |       |    25 ||    25
       Freezing Cloud    |       |       |       |       |     6 ||     6
       Passwall          |       |       |       |       |     4 ||     4
       Metabolic Englaci |       |       |       |       |     4 ||     4
       Tukima's Dance    |       |       |       |       |     4 ||     4
Invok: Shadow Step       |       |       |     1 |    10 |    13 ||    24
 Abil: Evoke Flight      |       |       |       |       |     5 ||     5
  Use: Scroll            |       |     6 |       |       |     4 ||    10
       Potion            |       |     3 |     1 |     3 |     4 ||    11
 Stab: Sleeping          |     4 |     7 |    19 |    45 |    81 ||   156
       Invisible         |       |       |       |     8 |     6 ||    14
       Confused          |       |       |       |     3 |    16 ||    19
       Held in net/web   |       |       |       |       |     2 ||     2
       Distracted        |       |       |       |       |     1 ||     1
  Eat: Bread ration      |       |       |       |       |     2 ||     2
       Royal jelly       |       |       |       |       |     1 ||     1
